 Dungeon Crawl Stone Soup version 0.31-a0-157-g0643eb4156 (webtiles) character file.

Game seed: 12149206595267854709

116 qw the Shooter (level 5, 0/32 HPs)
             Began as a Gargoyle Hunter on June 12, 2023.
             Killed from afar by Dowan (5 damage)
             ... with a puff of frost
             ... on level 4 of the Dungeon.
             The game lasted 00:00:56 (1780 turns).

qw the Shooter (Gargoyle Hunter)                    Turns: 1780, Time: 00:00:56

Health: 0/32       AC:  8    Str: 14    XL:     5   Next: 1%
Magic:  5/5        EV: 12    Int: 10    God:
Gold:   157        SH:  0    Dex: 15    Spells: 4/4 levels left

rFire   . . .        Y - +0 shortbow (drain)
rCold   . . .        (shield currently unavailable)
rNeg    + + +        h - +0 robe of the Dungeon {rElec rC- rN+++ Regen+}
rPois   inf          i - +0 helmet
rElec   +            (no cloak)
rCorr   .            f - +0 pair of gloves
SInv    .            (no boots)
Will    .....        j - amulet of regeneration
Stlth   ++           d - ring of protection from cold
HPRegen 1.85/turn    (no ring)
MPRegen 0.09/turn

%: no passive effects
@: no status effects
A: sickness immunity, AC +4, negative energy resistance 1, electricity
resistance, torment resistance 1, petrification resistance
a: no special abilities


You were on level 4 of the Dungeon.
You visited 1 branch of the dungeon, and saw 4 of its levels.

You collected 157 gold pieces.


Innate Abilities, Weirdness & Mutations

You are immune to sickness and miasma.
Your stone body is resilient. (AC +4)
You are immune to poison.
You resist negative energy. (rN+)
You are resistant to electric shocks. (rElec)
You are resistant to unholy torment.
You are immune to petrification.


   Skills:
 - Level 3.2 Fighting
 + Level 5.5 Ranged Weapons
 - Level 1.1 Armour
 - Level 1.5 Dodging
 - Level 1.1 Stealth


You had 4 spell levels left.
You didn't know any spells.
Your spell library was empty.

Inventory:

Hand Weapons
 Y - a +0 shortbow of draining (weapon)
Armour
 e - a +0 ring mail
 f - a +0 pair of gloves (worn)
 h - the +0 robe of the Dungeon (worn) {rElec rC- rN+++ Regen+}
   (You found it on level 2 of the Dungeon)

   rC:        It makes you vulnerable to cold.
   rElec:     It insulates you from electricity.
   rN:        It renders you almost immune to negative energy.
   Regen:     It increases your rate of health regeneration.
 i - a +0 helmet (worn)
Jewellery
 d - a ring of protection from cold (left hand)
 j - an amulet of regeneration (around neck)
Scrolls
 b - a scroll of identify
Potions
 a - a potion of haste
 g - a potion of brilliance {unknown}
 k - a potion of attraction {unknown}
 l - a potion of curing
 n - a potion of mutation {unknown}

Dungeon Overview and Level Annotations

Branches:
Dungeon (4/15)
 Temple: D:4-7

Altars:
Elyvilon

Annotations:
D:2 1 runed translucent door, Crazy Yiuf
D:4 Dowan, Duvessa


Message History

Duvessa hits you with a +4 short sword of venom.
You shoot an arrow. The arrow hits Duvessa.
You drain Duvessa.
Duvessa is severely wounded.
Duvessa hits you with a +4 short sword of venom.
Dowan hits you but does no damage. Duvessa hits you but does no damage.
You shoot an arrow.
The arrow hits Duvessa but does no damage.
Duvessa is severely wounded.
Dowan misses you. Duvessa barely misses you. Dowan hits you but does no damage.
Duvessa hits you with a +4 short sword of venom!
You shoot an arrow. The arrow barely misses Duvessa.
Duvessa closely misses you. Dowan hits you but does no damage.
You shoot an arrow. The arrow barely misses Duvessa.
Duvessa hits you with a +4 short sword of venom. x2
Dowan barely misses you.
You shoot an arrow.
The arrow hits Duvessa but does no damage.
You drain Duvessa.
Duvessa is severely wounded.
Duvessa hits you with a +4 short sword of venom.
Dowan misses you. Duvessa misses you.
You shoot an arrow.
The arrow hits Duvessa but does no damage.
You drain Duvessa.
Duvessa is almost dead.
Duvessa hits you with a +4 short sword of venom.
Dowan hits you with a +0 dagger.
Duvessa hits you with a +4 short sword of venom.
You shoot an arrow.
The arrow hits Duvessa but does no damage.
You drain Duvessa.
Duvessa is almost dead.
Dowan hits you but does no damage.
Duvessa hits you with a +4 short sword of venom.
You shoot an arrow. The arrow hits Duvessa.
Duvessa is almost dead.
Duvessa closely misses you. Dowan gestures at you while chanting.
The puff of frost hits you.
You die...

## ## ##. . #.
[.###.. #.
.....# #. ....#
######.###e..?#
.......<.@e...#
...###.##.....#
#. ###.#.# #.
.# # #. . ## ##


You could see Duvessa (fast, very drained) and Dowan.

Vanquished Creatures
  Natasha (D:2)
  2 adders (D:3)
  A worm (D:2)
  2 dart slugs
  9 bats
  6 endoplasms
  3 giant cockroaches
  6 goblins
  4 hobgoblins
  5 jackals (D:1)
  3 kobolds
  4 quokkas
  7 ball pythons
  2 frilled lizards (D:1)
  8 rats
63 creatures vanquished.

Notes
Turn   | Place    | Note
-------+----------+-------------------------------------------
     0 | D:1      | qw the Gargoyle Hunter began the quest for the Orb.
     0 | D:1      | Reached XP level 1. HP: 12/12 MP: 1/1
     0 | D:1      | 0 ||| qw: Version: 0.2-a-29-gc1b59c4
     0 | D:1      | 0 ||| qw: Game counter: 4134
     0 | D:1      | 0 ||| qw: Always use a shield: true
     0 | D:1      | 0 ||| qw: God list: Okawaru
     0 | D:1      | 0 ||| qw: Allow faded altars: false
     0 | D:1      | 0 ||| qw: Do Orc after D:15 true
     0 | D:1      | 0 ||| qw: Do second Lair branch before Depths: true
     0 | D:1      | 0 ||| qw: Lair rune preference: random
     0 | D:1      | 0 ||| qw: Plans: Normal, Zot:1-4, Slime:5, God:TSO, Crypt,
                  | Tomb, Abyss, Pan, Hells, Win
     0 | D:1      | 0 ||| PLANNING D:1-11
    54 | D:1      | Reached XP level 2. HP: 17/17 MP: 2/2
   176 | D:1      | 176 ||| FLEEEEING.
   177 | D:1      | 177 ||| FLEEEEING.
   178 | D:1      | 178 ||| FLEEEEING.
   179 | D:1      | 179 ||| FLEEEEING.
   180 | D:1      | 180 ||| FLEEEEING.
   181 | D:1      | 181 ||| FLEEEEING.
   182 | D:1      | 182 ||| FLEEEEING.
   248 | D:1      | Reached XP level 3. HP: 21/21 MP: 3/3
   288 | D:1      | Reached skill level 5 in Ranged Weapons
   288 | D:1      | Found a faded altar of an unknown god.
   471 | D:1      | 471 ||| UPGRADING to +0 ring mail.
   481 | D:1      | 481 ||| DROPPING +0 leather armour.
   482 | D:1      | 482 ||| UPGRADING to +0 helmet.
   487 | D:1      | 487 ||| UPGRADING to amulet of regeneration.
   492 | D:1      | 492 ||| UPGRADING to ring of protection from cold.
   493 | D:1      | 493 ||| READING 2 scrolls labelled MIRGHA REFF.
   494 | D:1      | 494 ||| READING scroll labelled HAFUNE GINOAPIL.
   495 | D:1      | 495 ||| READING scroll labelled NARGHU KEPRELO.
   496 | D:1      | 496 ||| DROPPING scroll of fog.
   497 | D:1      | 497 ||| DROPPING scroll of butterflies.
   511 | D:2      | Found a white marble altar of Elyvilon.
   606 | D:2      | Reached skill level 1 in Armour
   633 | D:2      | Noticed Natasha
   640 | D:2      | Killed Natasha
   641 | D:2      | Reached skill level 3 in Fighting
   641 | D:2      | Reached XP level 4. HP: 28/28 MP: 4/4
   683 | D:2      | Identified the +0 robe of the Dungeon {rElec rC- rN+++
                  | Regen+}
  1073 | D:2      | Found a runed translucent door.
  1074 | D:2      | Noticed Crazy Yiuf
  1129 | D:2      | 1129 ||| UPGRADING to +0 pair of gloves.
  1134 | D:2      | 1134 ||| UPGRADING to +0 robe of the Dungeon {rElec rC-
                  | rN+++ Regen+}.
  1144 | D:2      | 1144 ||| DROPPING scarf of shadows.
  1145 | D:2      | 1145 ||| READING scroll labelled INUSI AKHOUQO.
  1146 | D:2      | 1146 ||| READING scroll labelled DIFRUN YNUNG.
  1147 | D:2      | 1147 ||| READING scroll labelled SAHOURCH MIFO.
  1148 | D:2      | 1148 ||| DRINKING 2 pink potions.
  1149 | D:2      | 1149 ||| READING 2 scrolls of identify.
  1149 | D:2      | 1149 ||| IDENTIFYING green potion
  1537 | D:3      | Reached XP level 5. HP: 32/32 MP: 5/5
  1636 | D:3      | 1636 ||| READING scroll labelled CIERCH SINUPPEU.
  1737 | D:3      | 1737 ||| READING scroll labelled BOTUIQ PENI.
  1738 | D:3      | 1738 ||| READING 2 scrolls of identify.
  1738 | D:3      | 1738 ||| IDENTIFYING smoky grey potion
  1739 | D:3      | 1739 ||| DROPPING potion of enlightenment.
  1758 | D:4      | Noticed Duvessa
  1760 | D:4      | Noticed Dowan
  1778 | D:4      | HP: 8/32 [Dowan/+0 dagger (4)]
  1779 | D:4      | HP: 3/32 [Duvessa/+4 short sword of venom (3)]
  1780 | D:4      | Killed from afar by Dowan

Levels and vault maps discovered:
D:1:      dpeg_arrival_prison, layout_rooms,
          hellmonk_ecumenical_altar_dog_temple
D:2:      layout_loops_ring, basic_altar, guppyfry_early_lair_pool,
          uniq_natasha, uniq_crazy_yiuf_cottage
D:3:      layout_basic
D:4:      nicolae_BIG_FREAKIN_CUBE, layout_loops_corners, uniq_eustachio,
          uniq_duvessa, uniq_sigmund

Skill      XL: |  1  2  3 |
---------------+----------+-----
Ranged Weapons | 5 |  5.5
Armour         | 1 |  1.1
Fighting       | 3 |  3.2
Dodging        | |  1.5
Stealth        | |  1.1

Action                     |  1- 3 |  4- 6 || total
---------------------------+-------+-------++-------
   Fire: Shortbow          |   115 |    86 ||   201
    Use: Scroll            |     3 |     7 ||    10
         Potion            |       |     1 ||     1
 Armour: Leather armour    |    29 |       ||    29
         Ring mail         |    15 |     4 ||    19
         Robe              |       |    14 ||    14
  Dodge: Dodged            |    41 |    22 ||    63

Table legend:
 A = Non-vault XP
 B = Vault XP
 C = Vault XP percentage of total XP
 D = Non-vault monster count
 E = Vault monster count
 F = Vault count percentage of total count
                 A         B        C        D         E       F
            +---------+---------+-------+---------+---------+-------
      Total |     126 |      41 |  24.6 |      58 |       5 |   7.9
            +---------+---------+-------+---------+---------+-------
        D:1 |      42 |       6 |  12.5 |      24 |       4 |  14.3
        D:2 |      34 |      35 |  50.7 |      18 |       1 |   5.3
        D:3 |      48 |       0 |   0.0 |      15 |       0 |   0.0
        D:4 |       2 |       0 |   0.0 |       1 |       0 |   0.0
            +---------+---------+-------+---------+---------+-------
